 Dungeon Crawl Stone Soup version 0.30-a0-1160-g6e42c06551 (webtiles) character file.

Game seed: 9700364258823870235

439 mandoloar the Trooper (level 7, 0/63 HPs)
             Began as a Hill Orc Fighter on Apr 25, 2023.
             Was a Follower of Cheibriados.
             Slain by an ogre
             ... wielding a +0 giant club
              (18 damage)
             ... on level 5 of the Dungeon.
             The game lasted 00:10:52 (4245 turns).

mandoloar the Trooper (Hill Orc Fighter)            Turns: 4245, Time: 00:10:53

Health: 0/63       AC: 11    Str: 21    XL:     7   Next: 1%
Magic:  9/9        EV:  6    Int: 12    God:    Cheibriados [*.....]
Gold:   133        SH:  5    Dex: 12    Spells: 6/6 levels left

rFire   . . .        a - +1 war axe
rCold   + . .        c - +0 buckler
rNeg    . . .        p - +0 plate armour
rPois   .            (no helmet)
rElec   .            (no cloak)
rCorr   .            (no gloves)
SInv    +            (no boots)
Will    .....        (no amulet) Stlth
                     o - ring of see invisible
HPRegen 0.30/turn    s - ring of protection from cold
MPRegen 0.11/turn

%: no passive effects
@: very slow
A: no striking features
a: Renounce Religion, Bend Time


You were on level 5 of the Dungeon.
You worshipped Cheibriados.
Cheibriados was aware of your devotion.
You visited 2 branches of the dungeon, and saw 6 of its levels.

You collected 133 gold pieces.

Inventory:

Hand Weapons
 a - a +1 war axe (weapon)
 b - a +0 sling
Missiles
 i - 3 atropa-tipped darts
 j - 57 stones (quivered)
 k - 9 poisoned darts
Armour
 c - a +0 buckler (worn)
 p - a +0 plate armour (worn)
Jewellery
 o - a ring of see invisible (left hand)
 s - a ring of protection from cold (right hand)
 x - a ring of fire
Wands
 d - a wand of flame (13)
Scrolls
 e - a scroll of torment {unknown}
 f - a scroll of enchant armour {unknown}
 g - a scroll of enchant weapon
 h - 5 scrolls of teleportation
 u - a scroll of vulnerability
Potions
 m - 6 potions of curing
 n - a potion of ambrosia
 q - a potion of heal wounds
 r - a potion of degeneration {unknown}
 v - a potion of mutation {unknown}
 w - a potion of brilliance {unknown}


   Skills:
 + Level 6.2 Fighting
 + Level 6.1 Axes
 - Level 4.0 Armour
 - Level 4.0 Shields
 + Level 2.7 Invocations


You had 6 spell levels left.
You didn't know any spells.
Your spell library contained the following spells:

 Spells                   Type           Power      Damage    Failure   Level
 Sandblast                Erth           0%         2d4       100%        1
 Passwall                 Tmut/Erth      0%         N/A       100%        2
 Stone Arrow              Conj/Erth      0%         3d7       100%        3
 Simulacrum               Ice/Necr       0%         N/A       100%        6
 Ozocubu's Refrigeration  Ice            0%         4d7       100%        7
 Polar Vortex             Ice            0%         N/A       100%        9


Dungeon Overview and Level Annotations

Branches:
Dungeon (5/15)             Temple (1/1) D:4

Altars:
Cheibriados
Dithmenos
Gozag
Kikubaaqudgha
Nemelex Xobeh
Okawaru
Uskayaw
Wu Jian
Xom

Shops:
D:4 [


Message History

There is a stone staircase leading up, spattered with blood here.
Throw: 4 darts (atropa)
Press: ? - help, Shift-Dir - straight line, f - ogre
Aim: an ogre, wielding a +0 giant club (75% to hit, chance to blind on hit: 27%)
You throw an atropa-tipped dart.
The atropa-tipped dart barely misses the ogre.
Throw: 3 darts (atropa)
Press: ? - help, Shift-Dir - straight line, f/p - ogre
Aim: an ogre, wielding a +0 giant club (75% to hit, chance to blind on hit: 27%)
Okay, then.
You hit the ogre.
The ogre is lightly wounded.
The ogre hits you with a +0 giant club.
You closely miss the ogre.
The ogre is lightly wounded.
The ogre hits you with a +0 giant club!
You closely miss the ogre.
The ogre is lightly wounded.
You barely miss the ogre.
The ogre is lightly wounded.
The ogre hits you with a +0 giant club!!
You slash the ogre!
The ogre is moderately wounded.
The ogre closely misses you.
You hit the ogre but do no damage.
The ogre is moderately wounded.
You block the ogre's attack.
You hit the ogre.
The ogre is moderately wounded.
The ogre hits you with a +0 giant club.
* * * LOW HITPOINT WARNING * * *
You slash the ogre!
The ogre is severely wounded.
The ogre barely misses you.
You hit the ogre.
The ogre is almost dead.
You closely miss the ogre.
The ogre is almost dead.
The ogre hits you with a +0 giant club!!
You die...

############# #...#
.....##.....## #...#
.............###...#
..............##...###
.....................###
........................
.................†......
.$.......(.....O@#
>...............##
.......>.....####
.....##......#
..######.....# #.
.......# .. ..........
......####


You could see an ogre.

Vanquished Creatures
  An ice beast (D:4)
  A hound (D:3)
  An orc priest (D:3)
  A sleepcap (D:4)
  3 iguanas
  3 orc wizards
  An adder (D:4)
  2 river rats (D:4)
  A worm (D:2)
  3 dart slugs
  5 orcs
  5 bats
  8 endoplasms
  A giant cockroach (D:4)
  2 goblins
  5 hobgoblins
  13 kobolds
  3 quokkas
  4 ball pythons
  2 frilled lizards (D:3)
  9 rats
74 creatures vanquished.

Vanquished Creatures (others)
  A fungus (D:2)
  A plant (D:2)
2 creatures vanquished.

Grand Total: 76 creatures vanquished

Notes
Turn   | Place    | Note
-------+----------+-------------------------------------------
     0 | D:1      | mandoloar the Hill Orc Fighter began the quest for the Orb.
     0 | D:1      | Reached XP level 1. HP: 19/19 MP: 1/1
    85 | D:1      | Reached XP level 2. HP: 24/27 MP: 2/2
   808 | D:2      | Reached XP level 3. HP: 29/33 MP: 3/3
  1191 | D:2      | Found a faded altar of an unknown god.
  1389 | D:3      | Found a shimmering altar of Xom.
  1389 | D:3      | Found a sparkling altar of Nemelex Xobeh.
  1602 | D:3      | Reached XP level 4. HP: 40/41 MP: 4/4
  1842 | D:4      | Noticed an ice beast
  2043 | D:3      | Reached XP level 5. HP: 29/47 MP: 5/5
  2246 | D:3      | Reached skill level 5 in Fighting
  2410 | D:4      | Reached skill level 5 in Axes
  2418 | D:4      | Found a staircase to the Ecumenical Temple.
  2445 | Temple   | Entered the Ecumenical Temple
  2450 | Temple   | Reached XP level 6. HP: 39/56 MP: 6/6
  2511 | Temple   | Became a worshipper of Cheibriados the Contemplative
  2897 | D:4      | Killed an ice beast
  2898 | D:4      | Reached skill level 1 in Invocations
  3525 | D:4      | Found Uteegom's Antique Armour Boutique.
  3930 | D:5      | Entered Level 5 of the Dungeon
  4157 | D:5      | Reached * piety under Cheibriados
  4158 | D:5      | Reached XP level 7. HP: 48/63 MP: 7/9
  4245 | D:5      | Slain by an ogre

Illustrated notes

Levels and vault maps discovered:
D:1:      heliophobic_arrival_ceremonial_halls, layout_loops_ring
D:2:      layout_loops_cross, shapermc_ecumenical_altar_mp_urbaneastern
D:3:      layout_rooms, mainiacjoe_overflow_large_starburst
D:4:      layout_basic, minmay_temple_entry_grid, serial_shops,
          nicolae_shop_tiny_glass, portal_sewer_entry_b, grunt_ministairs_2,
          amcnicky_mini_corridor_feature, nrook_mini_vaults
D:5:      layout_rooms
Temple:   nicolae_temple_ecumenical_triangle

Skill      XL: |  1  2  3  4  5  6 |
---------------+-------------------+-----
Axes           | 3 4 5 6 |  6.1
Fighting       | 4 5 6 |  6.2
Shields        | 4 |  4.0
Armour         | 4 |  4.0
Invocations    | 2 |  2.7

Action                     |  1- 3 |  4- 6 |  7- 9 || total
---------------------------+-------+-------+-------++-------
  Melee: War axe           |   108 |   115 |    10 ||   233
   Fire: Sling             |     2 |     4 |       ||     6
  Throw: Stone             |     3 |       |       ||     3
         Dart              |       |       |     1 ||     1
    Use: Scroll            |       |    11 |       ||    11
         Potion            |       |     1 |       ||     1
 Armour: Scale mail        |    37 |       |       ||    37
         Plate armour      |    26 |    56 |       ||    82
  Dodge: Dodged            |    37 |    20 |     2 ||    59
  Block: Buckler           |    26 |    27 |     1 ||    54

Table legend: (Time is in decaauts)
 A = Elapsed time spent in this place.
 B = Non-inter-level travel time spent in this place.
 C = Inter-level travel time spent in this place.
 D = Time resting spent in this place.
 E = Time spent auto-exploring this place.
 F = Levels seen in this place.
 G = Mean time per level.
                   A        B        C        D        E       F      G
               +--------+--------+--------+--------+--------+-----+--------+
         Total |   4494 |   4262 |    232 |   1607 |   1859 |   6 |  749.0 |
       Dungeon |   4194 |   3962 |    232 |   1340 |   1859 |   5 |  838.8 |
        Temple |    300 |    300 |      0 |    267 |      0 |   1 |  300.0 |
               +--------+--------+--------+--------+--------+-----+--------+

Top non-repeatable levels by time:
     D:4: 1608 daAuts
     D:3: 1095 daAuts
     D:2: 731 daAuts
     D:1: 628 daAuts
  Temple: 300 daAuts
     D:5: 132 daAuts
